 Dungeon Crawl Stone Soup version 0.20.1-1-g8b1a95d (webtiles) character file.

147 letownia2 the Grave Robber (level 5, -11/42 HPs)
             Began as a Deep Dwarf Necromancer on Dec 10, 2017.
             Mangled by Kingsmith's ghost (12 damage)
             ... on level 4 of the Dungeon.
             The game lasted 00:09:14 (2006 turns).

letownia2 the Grave Robber (Deep Dwarf Necromancer) Turns: 2006, Time: 00:09:14

Health: -11/42     AC:  6    Str: 11    XL:     5   Next: 8%
Magic:  7/8        EV: 12    Int: 17    God:
Gold:   153        SH:  0    Dex: 16    Spells: 4/8 levels left

rFire    . . .     SeeInvis .   a - +0 dagger
rCold    . . .     Gourm    .   (no shield)
rNeg     + . .     Faith    .   l - +3 leather armour "Bytisch" {rN+ Dex+3}
rPois    .         Spirit   .   (no helmet)
rElec    .         Reflect  .   (no cloak)
rCorr    .         Harm     .   (no gloves)
MR       .....                  (no boots)
Stlth    ++........             (no amulet)
Regen    0.0/turn               (no ring)
MPRegen  0.2/turn               (no ring)

@: non-regenerating
A: damage resistance, heal wounds, sense surroundings 1, no regeneration
a: Heal Wounds


You were on level 4 of the Dungeon.
You were hungry.

You visited 1 branch of the dungeon, and saw 5 of its levels.

You collected 153 gold pieces.

Inventory:

Hand Weapons
 a - a +0 dagger (weapon)
 m - a cursed -1 hand axe
Missiles
 k - 20 bolts
Armour
 d - a +0 ring mail
 h - a +0 robe
 l - the +3 leather armour "Bytisch" (worn) {rN+ Dex+3}
   (You found it on level 4 of the Dungeon)

   It affects your dexterity (+3).
   It protects you from negative energy.
Scrolls
 e - a scroll of remove curse {unknown}
 f - 3 scrolls of teleportation {unknown}
 g - a scroll of blinking {unknown}
 i - 2 scrolls of magic mapping {unknown}
 o - a scroll of recharging {unknown}
Potions
 j - a potion of heal wounds {unknown}
 n - a potion of agility {unknown}
Books
 b - a book of Necromancy

   Spells                             Type                      Level
   a - Pain                           Necromancy                   1
   b - Animate Skeleton               Necromancy                   1
   c - Vampiric Draining              Necromancy                   3
   d - Regeneration                   Charms/Necromancy            3
   e - Animate Dead                   Necromancy                   4
   f - Control Undead                 Necromancy                   4
Comestibles
 c - 3 bread rations


   Skills:
 - Level 2.1 Dodging
 - Level 2.4 Stealth
 - Level 2.3 Spellcasting
 + Level 6.7 Necromancy


You had 4 spell levels left.
You knew the following spells:

 Your Spells              Type           Power        Failure   Level  Hunger
a - Pain                  Necr           ###.         1%          1    #......
v - Vampiric Draining     Necr           ###.......   4%          3    ###....


Dungeon Overview and Level Annotations

Branches:
Dungeon (5/15)             Temple (0/1) D:4

Altars:
Ashenzari
Elyvilon

Annotations:
D:4 3 exclusions, Kingsmith's ghost, amateur FeMo


Innate Abilities, Weirdness & Mutations

You are resistant to damage.
You can heal yourself by infusing magical energy.
You passively map a small area around you.
You do not regenerate.


Message History

* * * LOW HITPOINT WARNING * * *
Casting: Vampiric Draining
Confirm with . or Enter, or press ? or * to list all spells.
Aiming: Vampiric Draining
Press: ? - help, Shift-Dir - straight line, f - orc
Aim: an orc, wielding a dagger You kill the orc!
You feel life coursing into your body. Kingsmith's ghost hits you.
Unknown command.
Kingsmith's ghost hits you.
There is an open door here.
Kingsmith's ghost hits you.
* * * LOW HITPOINT WARNING * * *
Kingsmith's ghost hits you.
* * * LOW HITPOINT WARNING * * *
Kingsmith's ghost hits you.
* * * LOW HITPOINT WARNING * * *
You hit Kingsmith's ghost but do no damage.
Kingsmith's ghost hits you!
You die...

.......#....#......#....<........
.......#....#......#.............
.......#....#......#.............
.......###'##......#.(...........
'###..........#'####.............
...#..........#....(.............
...#........o.'....(..........###
...#..........#...............#,
##+#..........#.@.##....##...?#*
#.....#'####'##.W.##....##.....
#.....#.......[....#...........+
'.....#............#.......
#.....#............#.......
#.....'............# , , ,
......########....##, *
......#...####....# , ..
......#...........# * ..


You could see Kingsmith's ghost.

Vanquished Creatures
  2 iguanas
  2 worker ants (D:4)
  An adder (D:4)
  2 adder skeletons
  A leopard gecko (D:5)
  3 orcs (D:4)
  A bat (D:2)
  2 giant cockroaches
  2 goblins (D:2)
  3 hobgoblins (D:2)
  2 jackals (D:5)
  A quokka (D:2)
  A ball python (D:3)
  A hobgoblin zombie (D:4)
  4 kobolds
  A kobold zombie (D:4)
  2 leopard gecko skeletons
  2 quokka skeletons (D:4)
  3 rats
36 creatures vanquished.

Notes
Turn   | Place    | Note
-------+----------+-------------------------------------------
     0 | D:1      | letownia2 the Deep Dwarf Necromancer began the quest for the Orb.
     0 | D:1      | Reached XP level 1. HP: 15/15 MP: 3/3
   201 | D:2      | Found a white marble altar of Elyvilon.
   251 | D:2      | Reached XP level 2. HP: 22/22 MP: 1/5
   645 | D:4      | Reached skill level 5 in Necromancy
   645 | D:4      | Reached XP level 3. HP: 26/28 MP: 0/6
   655 | D:4      | Noticed Kingsmith's ghost (amateur FeMo)
   704 | D:4      | Learned a level 3 spell: Vampiric Draining
   729 | D:4      | Reached XP level 4. HP: 31/36 MP: 1/7
   856 | D:4      | Got a fine leather armour
   862 | D:4      | Reached skill level 6 in Necromancy
   875 | D:4      | Identified the +3 leather armour "Bytisch" {rN+ Dex+3} (You found it on level 4 of the Dungeon)
  1111 | D:4      | Found a staircase to the Ecumenical Temple.
  1167 | D:5      | Entered Level 5 of the Dungeon
  1265 | D:5      | Noticed a sky beast
  1374 | D:5      | Noticed a centaur
  1553 | D:5      | Reached XP level 5. HP: 20/42 MP: 2/8
  1623 | D:5      | Found a shattered altar of Ashenzari.
  2001 | D:4      | HP: 1/42 [Kingsmith's ghost (2)]
  2006 | D:4      | Mangled by Kingsmith's ghost

Skill      XL: |  1  2  3  4 |
---------------+-------------+-----
Spellcasting   | 2 |  2.3
Necromancy     | 5 6 |  6.7
Dodging        | |  2.1
Stealth        | |  2.4

Action                   |  1- 3 |  4- 6 || total
-------------------------+-------+-------++-------
Melee: Dagger            |    11 |    35 ||    46
 Cast: Pain              |    38 |    19 ||    57
       Vampiric Draining |       |     5 ||     5
 Stab: Sleeping          |     1 |       ||     1
  Eat: Chunk             |       |     4 ||     4
Armor: Ring mail         |    12 |     3 ||    15
       Leather armour    |       |    29 ||    29
Dodge: Dodged            |    11 |    31 ||    42
